 Dungeon Crawl Stone Soup version 0.30-a0-39-g42789b21ef (webtiles) character file.

Game seed: 16493030728733574623

65 drugrobin the Sneak (level 3, -2/30 HPs)
             Began as a Demigod Delver on Aug 28, 2022.
             Slain by a gnoll
             ... wielding a +0 flail
              (5 damage)
             ... on level 4 of the Dungeon.
             The game lasted 00:05:29 (1567 turns).

drugrobin the Sneak (Demigod Delver)                Turns: 1567, Time: 00:05:29

Health: -2/30      AC:  3    Str: 13    XL:     3   Next: 66%
Magic:  5/5        EV: 12    Int: 12    God:
Gold:   66         SH:  0    Dex: 19    Spells: 2/2 levels left

rFire   . . .      SeeInvis .    a - +0 short sword
rCold   . . .      Faith    .    (no shield)
rNeg    . . .      Spirit   .    b - +0 leather armour
rPois   .          Reflect  .    (no helmet)
rElec   .          Harm     .    (no cloak)
rCorr   .          Rampage  .    (no gloves)
Will    .....                    (no boots)
Stlth   +++.......               (no amulet)
HPRegen 0.10/turn                (no ring)
MPRegen 0.09/turn                (no ring)

@: no status effects
A: high MP 1, forlorn, divine attributes
a: no special abilities


You were on level 4 of the Dungeon.
You visited 1 branch of the dungeon, and saw 3 of its levels.

You collected 66 gold pieces.

Inventory:

Hand Weapons
 a - a +0 short sword (weapon)
 j - a +0 falchion
Armour
 b - a +0 leather armour (worn)
 n - a +0 chain mail
Wands
 g - a wand of digging (1)
Scrolls
 c - a scroll of fog
 d - a scroll of magic mapping
 e - a scroll of fear
 l - a scroll of identify {unknown}
Potions
 f - a potion of haste
 i - a potion of heal wounds {unknown}
 k - 4 potions of curing {unknown}
 m - a potion of lignification {unknown}


   Skills:
 - Level 2.6 Fighting
 + Level 3.9 Short Blades
 - Level 1.7 Dodging
 - Level 4.5 Stealth


You had 2 spell levels left.
You didn't know any spells.
Your spell library was empty.

Dungeon Overview and Level Annotations

Branches:
Dungeon (5/15)
 Temple: D:4-7

Shops:
D:4 ([

Annotations:
D:5 exclusion: iguana, Edmund, Grinder


Innate Abilities, Weirdness & Mutations

You have an increased reservoir of magic. (+10% MP)
You shall have no god before yourself.
Your divine heritage dramatically boosts your attributes as you level up.


Message History

The gnoll hits you with a +0 flail.
You climb downwards.
There is a stone staircase leading up, spattered with blood here.
Unknown command.
Unknown command.
Unknown command.
You hit the gnoll.
The gnoll is moderately wounded.
The gnoll closely misses you.
You hit the gnoll but do no damage.
The gnoll is moderately wounded.
The gnoll barely misses you.
You hit the gnoll.
The gnoll is moderately wounded.
The gnoll barely misses you.
You hit the gnoll.
The gnoll is heavily wounded.
The gnoll closely misses you.
You hit the gnoll.
The gnoll is heavily wounded.
The gnoll hits you with a +0 flail!
* * * LOW HITPOINT WARNING * * *
Unknown command.
Unknown command.
You hit the gnoll.
The gnoll is severely wounded.
Unknown command.
Unknown command.
Unknown command.
You completely miss the gnoll.
The gnoll is severely wounded.
The gnoll hits you with a +0 flail.
* * * LOW HITPOINT WARNING * * *
Unknown command.
Unknown command.
Unknown command.
You closely miss the gnoll.
The gnoll is severely wounded.
The gnoll hits you with a +0 flail.
You die...

#....................#
.....................###.
.........................
.........................
.........................
.........................
.........................
................))..##
................@####
...............g.#
...[.............#
.............#...#
...........###...# .#..
....# #. .....# ##.....


You could see a gnoll.

Vanquished Creatures
  A jelly (D:4)
  3 gnolls
  An orc (D:5)
  2 jackals (D:5)
7 creatures vanquished.

Notes
Turn   | Place    | Note
-------+----------+-------------------------------------------
     0 | D:5      | drugrobin the Demigod Delver began the quest for the Orb.
     0 | D:5      | Reached XP level 1. HP: 18/18 MP: 3/3
    74 | D:5      | Noticed an iguana
   376 | D:5      | Noticed Edmund
   416 | D:5      | Noticed Grinder
   438 | D:5      | Noticed a necrophage
   531 | D:5      | Reached XP level 2. HP: 16/25 MP: 4/4
   792 | D:5      | Noticed an ogre
   938 | D:4      | Found Marhoic's Antique Armour Emporium.
   949 | D:4      | Found Lucor's Weapon Shoppe.
  1155 | D:4      | Reached XP level 3. HP: 12/30 MP: 5/5
  1567 | D:4      | Slain by a gnoll

Illustrated notes

Levels and vault maps discovered:
D:3:      layout_loops_cross, dreamdust_ecumenical_altar_grove, uniq_terence,
          uniq_sigmund
D:4:      layout_layer_cave, serial_shops, shop_scrolls,
          nicolae_shop_bloodbath_and_beyond, nicolae_take_the_stairs,
          nicolae_shop_waterfront, shop, serial_park_tiny_1
D:5:      layout_basic, portal_sewer_entry_e, uniq_edmund, uniq_duvessa,
          uniq_grinder

Skill      XL: |  1  2 |
---------------+-------+-----
Short Blades   | 2 3 |  3.9
Fighting       | |  2.6
Dodging        | |  1.7
Stealth        | |  4.5

Action                   || total
-------------------------++-------
Melee: Short sword       ||    53
Evoke: Wand              ||     8
  Use: Scroll            ||     2
Armor: Leather armour    ||     9
Dodge: Dodged            ||    23

Table legend: (Time is in decaauts)
 A = Elapsed time spent in this place.
 B = Non-inter-level travel time spent in this place.
 C = Inter-level travel time spent in this place.
 D = Time resting spent in this place.
 E = Time spent auto-exploring this place.
 F = Levels seen in this place.
 G = Mean time per level.
                   A        B        C        D        E       F      G
               +--------+--------+--------+--------+--------+-----+--------+
         Total |   1566 |   1400 |    166 |    583 |     72 |   3 |  522.0 |
       Dungeon |   1566 |   1400 |    166 |    583 |     72 |   3 |  522.0 |
               +--------+--------+--------+--------+--------+-----+--------+

Top non-repeatable levels by time:
     D:5: 938 daAuts
     D:4: 587 daAuts
     D:3: 41 daAuts
